 Dungeon Crawl Stone Soup version 0.30.1-3-gfc49f6343a (webtiles) character file.

Game seed: 13345496677013517149

145 DemonSlayer the Digger (level 5, -1/35 HPs)
             Began as a Demonspawn Earth Elementalist on July 25, 2023.
             Slain by Grinder (3 damage)
             ... while paralysed by Grinder
             ... on level 3 of the Dungeon.
             The game lasted 00:05:11 (2756 turns).

DemonSlayer the Digger (DsEE)                       Turns: 2756, Time: 00:05:11

Health: -1/35      AC:  6    Str:  8    XL:     5   Next: 6%
Magic:  1/10       EV:  2    Int: 16    God:
Gold:   129        SH:  0    Dex: 16    Spells: 2/10 levels left

rFire   . . .        d - +0 dagger
rCold   . . .        (no shield)
rNeg    . . .        b - +3 leather armour
rPois   .            (no helmet)
rElec   .            (no cloak)
rCorr   .            (no gloves)
SInv    .            (no boots)
Will    .....        (no amulet)
Stlth   ++           (no ring)
HPRegen 0.25/turn    (no ring)
MPRegen 0.12/turn

%: no passive effects
@: paralysed, attractive, very slightly contaminated
A: hooves 1, foul stench 1
a: no special abilities


You were on level 3 of the Dungeon.
You visited 1 branch of the dungeon, and saw 3 of its levels.

You collected 129 gold pieces.

Inventory:

Hand Weapons
 d - a +0 dagger (weapon)
Armour
 b - a +3 leather armour (worn)
Scrolls
 a - 3 scrolls of identify
Potions
 c - 2 potions of attraction


   Skills:
 + Level 0.8 Armour
 + Level 1.9 Dodging
 + Level 1.8 Stealth
 + Level 0.1 Unarmed Combat
 + Level 3.3 Spellcasting
 + Level 0.8 Transmutations
 + Level 4.1 Earth Magic


You had 2 spell levels left.
You knew the following spells:

 Your Spells              Type           Power      Damage    Failure   Level
a - Sandblast             Erth           32%        2d9       4%          1
b - Stone Arrow           Conj/Erth      18%        3d8       32%         3
c - Petrify               Tmut/Erth      10%        N/A       65%         4

Your spell library contained the following spells:

 Spells                   Type           Power      Damage    Failure   Level
 Passwall                 Tmut/Erth      8%         N/A       14%         2
 Apportation              Tloc           4%         N/A       26%         1
 Necrotise                Necr           8%         1d4       26%         1
 Summon Small Mammal      Summ           8%         N/A       26%         1
 Call Canine Familiar     Summ           2%         N/A       58%         3
 Summon Guardian Golem    Hex/Summ       2%         N/A       58%         3


Dungeon Overview and Level Annotations

Branches:
Dungeon (3/15)

Altars:

Shops:
D:1 [

Annotations:
D:3 Grinder


Innate Abilities, Weirdness & Mutations

You have large cloven feet.
You may rarely emit foul miasma when damaged in melee.


Message History

It was a potion of attraction.
You feel attractive to monsters. Grinder gestures at you.
Pain shoots through your body!
It was a potion of curing.
You feel better.
Grinder blinks!
Grinder is attracted toward you.
The blast of sand hits Grinder.
Grinder is lightly wounded.
Grinder closely misses you. Grinder gestures at you.
You resist with significant effort.
Okay, then.
As you read the scroll labelled ZEVEH DIXEESK, it crumbles to dust.
It is a scroll of identify.
You don't currently have any unidentified items.
Grinder hits you!
You writhe in agony.
* * * LOW HITPOINT WARNING * * *
Unknown command.
You hit Grinder. Your kick misses Grinder.
Grinder is lightly wounded.
Grinder misses you.
You barely miss Grinder. You kick Grinder.
Grinder is lightly wounded.
Grinder barely misses you.
You closely miss Grinder. You kick Grinder, but do no damage.
Grinder is lightly wounded.
Grinder hits you.
* * * LOW HITPOINT WARNING * * *
You writhe in agony.
* * * LOW HITPOINT WARNING * * *
You hit Grinder. You kick Grinder.
Grinder is moderately wounded.
Grinder gestures at you.
You suddenly lose the ability to move!
Grinder blinks!
Grinder is attracted toward you. Grinder barely misses you. Grinder hits you.
* * * LOW HITPOINT WARNING * * *
You writhe in agony.
You die...

#################
.......>........#
#################.#######.#
#..........@5...........#.#
#.############.......##.#.#
#)# #.......##.#.# #.#
####.#####.#.# #5.......
#.# #.#.# ......... #.#
#.#.# .......... #.# #.#.#.
........... #.#####.....
.........### #.##........


You could see Grinder.

Vanquished Creatures
  Robin (D:1)
  4 gnolls (D:2)
  3 adders (D:2)
  A dart slug (D:1)
  A ball python (D:2)
  5 endoplasms
  9 goblins
  9 hobgoblins
  11 jackals (D:2)
  6 kobolds
  4 bats
  3 frilled lizards (D:1)
  4 rats
61 creatures vanquished.

Notes
Turn   | Place    | Note
-------+----------+-------------------------------------------
     0 | D:1      | DemonSlayer the Demonspawn Earth Elementalist began the
                  | quest for the Orb.
     0 | D:1      | Reached XP level 1. HP: 13/13 MP: 3/3
    61 | D:1      | Reached skill level 3 in Earth Magic
   193 | D:1      | Gained mutation: You have large cloven feet. [demonic
                  | ancestry]
   193 | D:1      | Reached XP level 2. HP: 19/19 MP: 3/5
   234 | D:1      | Found Qoipt's Antique Armour Shop.
  1238 | D:2      | Reached XP level 3. HP: 24/24 MP: 2/6
  1639 | D:2      | Noticed Robin
  1678 | D:1      | Killed Robin
  1847 | D:2      | Gained mutation: You may rarely emit foul miasma when
                  | damaged in melee. [demonic ancestry]
  1847 | D:2      | Reached XP level 4. HP: 30/30 MP: 6/8
  1947 | D:2      | Reached skill level 4 in Earth Magic
  2194 | D:2      | Learned a level 3 spell: Stone Arrow
  2199 | D:2      | Learned a level 4 spell: Petrify
  2307 | D:2      | Reached XP level 5. HP: 35/35 MP: 7/10
  2722 | D:3      | Noticed Grinder
  2732 | D:3      | Paralysed by Grinder for 4 turns
  2753 | D:3      | Paralysed by Grinder for 5 turns
  2756 | D:3      | Slain by Grinder

Illustrated notes

Levels and vault maps discovered:
D:1:      erik_arrival_orb_chamber, layout_rooms, serial_shops, shop_fountains,
          minmay_hedge_maze
D:2:      layout_basic, uniq_robin
D:3:      layout_basic, uniq_jessica, uniq_grinder, uniq_ijyb

Skill      XL: |  1  2  3  4 |
---------------+-------------+-----
Earth Magic    | 3 4 |  4.1
Spellcasting   | 3 |  3.3
Armour         | |  0.8
Dodging        | |  1.9
Stealth        | |  1.8
Unarmed Combat | |  0.1
Transmutations | |  0.8

Action                     |  1- 3 |  4- 6 || total
---------------------------+-------+-------++-------
  Melee: Unarmed           |     9 |       ||     9
         Dagger            |   357 |    19 ||   376
         Kick              |   184 |     5 ||   189
         Punch             |     8 |       ||     8
   Cast: Sandblast         |    56 |    27 ||    83
    Use: Potion            |     1 |     2 ||     3
         Scroll            |       |     1 ||     1
   Stab: Sleeping          |     1 |     1 ||     2
 Armour: Leather armour    |    23 |     5 ||    28
  Dodge: Dodged            |    36 |    23 ||    59
